 Dungeon Crawl Stone Soup version 0.25.1-2-g60ff931df9 (webtiles) character file.

Game seed: 4465455660825072647

88 DogServant the Bolt Thrower (level 4, 30/30 HPs)
             Began as a Halfling Hunter on Oct 16, 2020.
             Quit the game on level 3 of the Dungeon.
             The game lasted 00:04:18 (2483 turns).

DogServant the Bolt Thrower (Halfling Hunter)       Turns: 2483, Time: 00:04:19

Health: 30/30      AC:  6    Str: 19    XL:     4   Next: 81%
Magic:  4/4        EV: 14    Int:  9    God:
Gold:   149        SH:  0    Dex: 15    Spells: 3/3 levels left

rFire    + . .     SeeInvis .   b - +0 short sword
rCold    x . .     Gourm    .   (shield restricted)
rNeg     . . .     Faith    .   c - +0 leather armour
rPois    .         Spirit   .   y - +0 helmet
rElec    .         Reflect  .   k - +0 cloak
rCorr    .         Harm     .   (no gloves)
MR       .....                  j - +0 pair of boots
Stlth    ++........             (no amulet)
HPRegen  0.10/turn              r - +6 ring of strength
MPRegen  0.09/turn              s - ring of fire

@: no status effects
A: small, mutation resistance 1
a: no special abilities


You were on level 3 of the Dungeon.
You were not hungry.

You visited 1 branch of the dungeon, and saw 3 of its levels.

You collected 149 gold pieces.

Inventory:

Hand Weapons
 a - a +1 hand crossbow
 b - a +0 short sword (weapon)
Missiles
 d - 42 bolts
 l - 14 arrows
Armour
 c - a +0 leather armour (worn)
 e - a +0 buckler
 j - a +0 pair of boots (worn)
 k - a +0 cloak (worn)
 y - a +0 helmet (worn)
Jewellery
 r - a +6 ring of strength (left hand)
 s - a ring of fire (right hand)
 x - an uncursed amulet of guardian spirit {unknown}
Scrolls
 i - 3 scrolls of identify
 o - 2 scrolls of immolation {unknown}
 p - 2 scrolls of fog {unknown}
 q - 3 scrolls of remove curse {unknown}
Potions
 g - a potion of stabbing {unknown}
 h - 3 potions of might
 m - a potion of berserk rage
 n - 2 potions of flight {unknown}
 t - a potion of mutation {unknown}
 u - a potion of brilliance {unknown}
 v - a potion of curing {unknown}
 w - a potion of magic {unknown}
 z - a potion of heal wounds {unknown}
Comestibles
 f - 4 rations


   Skills:
 + Level 2.7 Fighting
 + Level 0.1 Short Blades
 + Level 5.1 Crossbows
 - Level 2.1 Dodging
 - Level 1.1 Stealth
 + Level 2.3 Shields


You had 3 spell levels left.
You didn't know any spells.
Your spell library was empty.

Dungeon Overview and Level Annotations

Branches:
Dungeon (3/15)

Altars:
Ashenzari
Hepliaklqana

Annotations:
D:3 2 transporters, patan's ghost, novice TrFi


Innate Abilities, Weirdness & Mutations

You are small and have problems with some larger weapons.
You are somewhat resistant to further mutation.


Message History

No target in view!
No target in view!
No target in view!
No target in view!
No target in view!
No target in view!
No target in view!
No target in view!
No target in view!
No target in view!
No target in view!
No target in view!
No target in view!
No target in view!
Things that are here:
a +0 club; a hobgoblin corpse
(D) Dungeon
Where to? (Enter - D:3 @ (x,y), ? - help)
Okay, then.
Are you sure you want to abandon this character and quit the game? (Confirm with "yes".)

#.##.#
#)......#...+
#.##.#
#.#######._.#
..#
#.......#...#..
####.
#......)######.
.....
#......##.# .#
#####
#.....##..# .#
#....##...# .
#...##....#
#..##@....#
#.##......#
#............
#############


There were no monsters in sight!

Vanquished Creatures
  A worker ant (D:2)
  2 adders
  4 leopard geckos
  A ball python (D:2)
  6 bats
  2 giant cockroaches
  6 goblins
  6 hobgoblins
  A quokka (D:3)
  3 frilled lizards (D:2)
  6 kobolds
  4 rats
42 creatures vanquished.

Notes
Turn   | Place    | Note
-------+----------+-------------------------------------------
     0 | D:1      | DogServant the Halfling Hunter began the quest for the Orb.
     0 | D:1      | Reached XP level 1. HP: 14/14 MP: 1/1
   243 | D:1      | Reached XP level 2. HP: 18/19 MP: 2/2
   394 | D:1      | Reached skill level 1 in Shields
   534 | D:1      | Reached XP level 3. HP: 15/24 MP: 3/3
  1572 | D:2      | Reached XP level 4. HP: 30/30 MP: 4/4
  1947 | D:2      | Reached skill level 5 in Crossbows
  2111 | D:3      | Found a hazy altar of Hepliaklqana.
  2357 | D:3      | Noticed patan's ghost (novice TrFi)
  2359 | D:3      | Found a transporter.
  2359 | D:3      | Found a transporter.
  2359 | D:3      | Noticed an ogre
  2457 | D:3      | Found a shattered altar of Ashenzari.
  2483 | D:3      | Quit the game

Illustrated notes

Levels and vault maps discovered:
D:1:      heliophobic_arrival_battle_scene, layout_basic
D:2:      layout_basic
D:3:      layout_loops_ring, fedhas_altar_4, nicolae_overflow_hidden_temple,
          nicolae_ashenzari_panopticon, gammafunk_ghost_smash

Skill      XL: |  1  2  3  4 |
---------------+-------------+-----
Fighting       | 2 |  2.7
Shields        | 1 2 |  2.3
Crossbows      | 5 |  5.1
Short Blades   | |  0.1
Dodging        | |  2.1
Stealth        | |  1.1

Action                   |  1- 3 |  4- 6 || total
-------------------------+-------+-------++-------
Melee: Short sword       |    93 |    32 ||   125
 Fire: Hand crossbow     |    14 |    22 ||    36
  Use: Scroll            |     4 |       ||     4
  Eat: Chunk             |     2 |     1 ||     3
       Ration            |       |     1 ||     1
Armor: Leather armour    |    24 |    11 ||    35
Dodge: Dodged            |    94 |    42 ||   136
